 Dungeon Crawl Stone Soup version 0.23.2 (webtiles) character file.

Game seed: 16469209593872156807

85 Gargoyl the Skirmisher (level 4, 0/39 HPs)
             Began as a Centaur Abyssal Knight on Apr 6, 2019.
             Was a Follower of Lugonu.
             Slain by a gnoll
             ... wielding a +0 halberd
              (13 damage)
             ... on level 2 of the Dungeon.
             The game lasted 00:02:21 (1564 turns).

Gargoyl the Skirmisher (Centaur Abyssal Knight)     Turns: 1564, Time: 00:02:21

Health: 0/39       AC:  8    Str: 15    XL:     4   Next: 25%
Magic:  5/5        EV:  4    Int: 11    God:    Lugonu [*.....]
Gold:   22         SH:  0    Dex:  9    Spells: 3/3 levels left

rFire    . . .     SeeInvis .   a - +1 hand axe
rCold    . . .     Gourm    .   (no shield)
rNeg     . . .     Faith    .   d - +0 chain mail
rPois    .         Spirit   .   f - +0 helmet
rElec    .         Reflect  .   (no cloak)
rCorr    .         Harm     .   (no gloves)
MR       .....                  (no barding)
Stlth    ..........             (no amulet)
HPRegen  0.13/turn              (no ring)
MPRegen  0.09/turn              (no ring)

@: very quick
A: large, hooves 3, deformed body, speed 2, tough skin 3
a: Depart the Abyss, Renounce Religion


You were on level 2 of the Dungeon.
You worshipped Lugonu.
Lugonu was aware of your devotion.
You were not hungry.

You visited 1 branch of the dungeon, and saw 2 of its levels.
You visited the Abyss 1 time.

You collected 22 gold pieces.

Inventory:

Hand Weapons
 a - a +1 hand axe (weapon)
Armour
 d - a +0 chain mail (worn)
 f - a +0 helmet (worn)
Scrolls
 g - 2 scrolls of identify {unknown}
Potions
 b - a potion of ambrosia {unknown}
 e - a potion of curing
 h - a potion of magic {unknown}
 i - a potion of lignification {unknown}
 j - a potion of might {unknown}
Comestibles
 c - 3 rations
 k - 2 chunks of flesh


   Skills:
 + Level 3.6 Fighting
 + Level 2.4 Axes
 * Level 2.0 Armour
 * Level 1.2 Dodging
 * Level 2.5 Invocations


You had 3 spell levels left.
You didn't know any spells.
Your spell library was empty.

Dungeon Overview and Level Annotations

Branches:
Dungeon (2/15)

Altars:
Dithmenos


Innate Abilities, Weirdness & Mutations

You have hooves in place of feet.
Armour fits poorly on your strangely shaped body.
You cover ground very quickly.
You have extremely tough skin. (AC +3)


Message History

You hit the gnoll. The gnoll hits you with a +0 halberd!
The gnoll hits you with a +2 flail of venom.
Your chain mail prevents you from hitting the gnoll.
You hit the gnoll. x2; The gnoll hits you with a +0 halberd.
The gnoll barely misses you.
The gnoll hits you with a +2 flail of venom!
* * * LOW HITPOINT WARNING * * *
The gnoll hits you but does no damage.
You closely miss the gnoll. You hit the gnoll.
Your chain mail prevents you from hitting the gnoll.
You closely miss the gnoll. The gnoll hits you with a +0 halberd.
* * * LOW HITPOINT WARNING * * *
The gnoll hits you but does no damage.
You are lethally poisoned!
The gnoll hits you with a +0 war axe.
* * * LOW HITPOINT WARNING * * *
The gnoll hits you but does no damage.
It was a potion of curing.
You feel better. The gnoll hits you with a +0 halberd!
You die...

##.#.#### ......##..
......##.# .....##.#
... #....#.## .....
#..#....## ....
#####.g.....##...
#.<..@g.#....#.# .###
#....gg....#...## ..#.
#).÷....##)#....##..%.
#....)..##............
#.............##......
#>......####.####..._.
#.......## #..##......
#........###g.....†...
#..............%##...g


You could see 4 gnolls.

Vanquished Creatures
  4 gnolls
  An adder (D:2)
  An ooze (D:1)
  A dart slug (D:1)
  2 giant cockroaches (D:1)
  6 goblins (D:1)
  3 hobgoblins
  2 jackals (D:1)
  2 bats (D:1)
  3 frilled lizards (D:2)
  5 kobolds
  3 rats
33 creatures vanquished.

Notes
Turn   | Place    | Note
-------+----------+-------------------------------------------
     0 | Abyss:1  | Gargoyl the Centaur Abyssal Knight began the quest for the
                  | Orb.
     0 | Abyss:1  | Reached XP level 1. HP: 19/19 MP: 2/2
     0 | Abyss:1  | Found a corrupted altar of Lugonu.
    85 | Abyss:1  | Noticed a small abomination
    99 | Abyss:1  | Noticed a thrashing horror
   116 | D:1      | Escaped the Abyss
   172 | D:1      | Reached XP level 2. HP: 26/26 MP: 3/3
   280 | D:1      | Reached * piety under Lugonu
   324 | D:1      | Reached skill level 1 in Dodging
   431 | D:1      | Reached XP level 3. HP: 31/31 MP: 4/4
   879 | D:2      | Found a shadowy altar of Dithmenos.
  1418 | D:2      | Reached XP level 4. HP: 39/39 MP: 5/5
  1564 | D:2      | Slain by a gnoll

Skill      XL: |  1  2  3 |
---------------+----------+-----
Axes           | 2 |  2.4
Dodging        | 1 |  1.2
Armour         | 2 |  2.0
Fighting       | |  3.6
Invocations    | |  2.5

Action                   |  1- 3 |  4- 6 || total
-------------------------+-------+-------++-------
Melee: Hand axe          |    83 |    15 ||    98
       Kick              |    13 |     1 ||    14
Invok: Depart the Abyss  |     1 |       ||     1
  Use: Scroll            |     2 |       ||     2
       Potion            |       |     1 ||     1
  Eat: Chunk             |       |     2 ||     2
Armor: Chain mail        |    74 |     9 ||    83
Dodge: Dodged            |    23 |     5 ||    28
